 Dungeon Crawl Stone Soup version 0.20-a0-464-g526fb3c (webtiles) character file.

363 Dharzhak the Chopper (level 6, -3/53 HPs)
             Began as a Minotaur Fighter on Jan 12, 2017.
             Slain by Prince Ribbit (6 damage)
             ... on level 5 of the Dungeon.
             The game lasted 00:08:39 (4025 turns).

Dharzhak the Chopper (Minotaur Fighter)             Turns: 4025, Time: 00:08:40

Health: -3/53      AC: 13    Str: 20    XL:     6   Next: 39%
Magic:  5/5        EV:  4    Int:  5    God:
Gold:   195        SH: 10    Dex: 12    Spells: 5/5 levels left

rFire  . . .     SeeInvis .     z - +2 broad axe (elec)
rCold  . . .     Gourm    .     j - +0 plate armour
rNeg   . . .     Faith    .     c - +0 shield
rPois  .         Spirit   .     (helmet restricted)
rElec  .         Reflect  .     i - +0 cloak
rCorr  .         Harm     .     (no gloves)
MR     .....                    (no boots)
Stlth  ..........               s - amulet of rage
                                (no ring)
                                (no ring)

@: lethally poisoned (-3 -> -5)
A: retaliatory headbutt, horns 2
a: Evoke Berserk Rage


You were on level 5 of the Dungeon.
You were not hungry.

You visited 2 branches of the dungeon, and saw 6 of its levels.

You collected 195 gold pieces.

Inventory:

Hand Weapons
 z - a +2 broad axe of electrocution (weapon)
Missiles
 a - 3 tomahawks of returning
 u - 2 tomahawks (quivered)
Armour
 c - a +0 shield (worn)
 i - a +0 cloak (worn)
 j - a +0 plate armour (worn)
Jewellery
 s - an amulet of rage (around neck)
 y - a +3 ring of slaying {unknown}
Wands
 g - a wand of flame (20/48)
Scrolls
 e - 2 scrolls of amnesia {unknown}
 k - 2 scrolls of identify {unknown}
 m - 2 scrolls of remove curse {unknown}
 n - 2 scrolls of enchant weapon {unknown}
 q - a scroll of enchant armour {unknown}
 t - 3 scrolls of teleportation {unknown}
Potions
 b - a potion of cure mutation {unknown}
 d - a potion of ambrosia {unknown}
 l - 2 potions of degeneration {unknown}
 o - a potion of heal wounds {unknown}
 p - 3 potions of curing {unknown}
 v - 2 potions of berserk rage {unknown}
 w - a potion of lignification {unknown}
Comestibles
 f - 6 bread rations
 h - a meat ration
 r - 5 fruits
 x - a slice of pizza


   Skills:
 + Level 4.7 Fighting
 + Level 5.8 Axes
 + Level 0.4 Throwing
 + Level 4.9 Armour
 + Level 0.2 Dodging
 + Level 5.0 Shields


You had 5 spell levels left.
You didn't know any spells.

Dungeon Overview and Level Annotations

Branches:
Dungeon (5/15)             Temple (1/1) D:4

Altars:
Cheibriados
Dithmenos
Elyvilon
Fedhas
Hepliaklqana
Kikubaaqudgha
Makhleb
Nemelex Xobeh
Okawaru
Qazlal
Ru
Sif Muna
Trog
Uskayaw
Vehumet
Xom
Yredelemnul
Zin
The Shining One

Annotations:
D:5 Prince Ribbit


Innate Abilities, Weirdness & Mutations

You reflexively headbutt those who attack you in melee.
You have a pair of horns on your head.


Message History

Unknown command.
Unknown command.
You miss Prince Ribbit. You headbutt Prince Ribbit.
Prince Ribbit is severely wounded.
You closely miss the worker ant.
Prince Ribbit casts a spell.
Prince Ribbit looks slightly unstable.
You block the worker ant's attack. Prince Ribbit hits you.
* * * LOW HITPOINT WARNING * * *
The worker ant bites you but does no damage.
Unknown command.
You closely miss Prince Ribbit.
Prince Ribbit is severely wounded.
Your plate armour prevents you from hitting the worker ant.
You feel sick. Prince Ribbit hits you!
* * * LOW HITPOINT WARNING * * *
The worker ant bites you.
* * * LOW HITPOINT WARNING * * *
Prince Ribbit hits you.
You die...

....
$...#########
...........#
..........#
#........###
#...........
#.........#
#..a<.....#
#..@F.....#
#....$....#
#.........#
####.####...
#.. .. #### .


You could see Prince Ribbit and a worker ant.

Vanquished Creatures
  Blork the orc (D:4)
  3 orc priests (D:3)
  An orc wizard (D:3)
  A worker ant (D:4)
  The ghost of MetaCosm the Grasshopper, a weakling SpWr (D:4)
  3 adders
  3 oozes
  4 worms
  2 dart slugs
  2 leopard geckos (D:2)
  17 orcs
  2 ball pythons (D:1)
  3 giant cockroaches
  3 goblins
  6 hobgoblins
  2 jackals (D:1)
  2 quokkas
  4 bats
  6 frilled lizards
  6 kobolds
  8 rats
80 creatures vanquished.

Notes
Turn   | Place    | Note
-------+----------+-------------------------------------------
     0 | D:1      | Dharzhak the Minotaur Fighter began the quest for the Orb.
     0 | D:1      | Reached XP level 1. HP: 19/19 MP: 0/0
   173 | D:1      | Reached XP level 2. HP: 21/27 MP: 1/1
   517 | D:1      | Reached XP level 3. HP: 33/33 MP: 2/2
  1039 | D:2      | Found a burning altar of Makhleb.
  1044 | D:2      | Found a glowing golden altar of the Shining One.
  1049 | D:2      | Found a stormy altar of Qazlal.
  1050 | D:2      | Found a burning altar of Makhleb.
  1051 | D:2      | Found a basalt altar of Yredelemnul.
  1051 | D:2      | Found a glowing silver altar of Zin.
  1053 | D:2      | Found a hazy altar of Hepliaklqana.
  1054 | D:2      | Found an iron altar of Okawaru.
  1056 | D:2      | Found a hide-covered altar of Uskayaw.
  1350 | D:3      | Found a snail-covered altar of Cheibriados.
  1497 | D:3      | Reached XP level 4. HP: 40/40 MP: 3/3
  1762 | D:3      | Reached XP level 5. HP: 39/47 MP: 4/4
  2215 | D:3      | Reached skill level 5 in Axes
  2221 | D:3      | Found a radiant altar of Vehumet.
  2541 | D:4      | Reached XP level 6. HP: 50/53 MP: 5/5
  2568 | D:4      | Noticed MetaCosm's ghost (weakling SpWr)
  2607 | D:4      | Killed MetaCosm's ghost
  2708 | D:4      | Found a staircase to the Ecumenical Temple.
  2719 | Temple   | Entered the Ecumenical Temple
  3448 | D:4      | Noticed Blork the orc
  3462 | D:4      | Killed Blork the orc
  3462 | D:4      | Reached skill level 5 in Shields
  4015 | D:5      | Entered Level 5 of the Dungeon
  4015 | D:5      | Noticed Prince Ribbit
  4025 | D:5      | Slain by Prince Ribbit

Vault maps used:
D:1:      dpeg_arrival_tiny_j
D:2:      minitemple, bloody_makhleb
D:3:      cheibriados_altar_1, vehumet_crystals, minmay_bisected
D:4:      first_bread, uniq_blork_the_orc
D:5:      chequers_temple_overflow_statue_of_worship, uniq_sigmund,
          uniq_menkaure, uniq_edmund, uniq_grinder, uniq_prince_ribbit1
Temple:   nicolae_temple_figure_zero

Skill      XL: |  1  2  3  4  5  6 |
---------------+-------------------+-----
Armour         | 4 |  4.9
Fighting       | 4 |  4.7
Shields        | 4 5 |  5.0
Axes           | 3 4 5 |  5.8
Throwing       | |  0.4
Dodging        | |  0.2

Action                   |  1- 3 |  4- 6 || total
-------------------------+-------+-------++-------
Melee: War axe           |   116 |    95 ||   211
       Headbutt          |    17 |    16 ||    33
       Broad axe         |       |     9 ||     9
Throw: Tomahawk          |       |    12 ||    12
  Use: Potion            |       |     1 ||     1
  Eat: Chunk             |     2 |     7 ||     9
       Beef jerky        |       |     1 ||     1
Armor: Scale mail        |    16 |       ||    16
       Plate armour      |    50 |    65 ||   115
Dodge: Dodged            |    31 |    27 ||    58
Block: Shield            |    54 |    60 ||   114
